[Event "26th Triest Festival 2024"]
[Site "Triest"]
[Date "2024.09.02"]
[Round "4.1"]
[White "Zhou, Yang-Fan"]
[Black "Bosiocic, Marin"]
[Result "0-1"]
[Annotator "RC"]
[ECO "B08"]
[WhiteElo "2437"]
[BlackElo "2555"]
[PlyCount "132"]
[EventDate "2024.09.02"]
[EventType "swiss"]
[EventCountry "ITA"]
[SourceTitle "playchess.com"]
[Source "ChessBase"]
[SourceQuality "1"]
[TimeControl "5400+30"]

1. e4 d6 2. d4 Nf6 3. Nc3 g6 4. Nf3 Bg7 5. Be2 O-O 6. O-O Nc6 7. d5 Nb8 8. Be3 e5 9. a4 a5 10. Nd2 Na6 11. Nc4 Nb4 12. Bf3 h5 13. Bg5 Qd7 14. Nb5 Nh7 15. Be3 Qd8 16. c3 Na6 17. Nxa5 f5 18. b4 f4 19. Bd2 Ng5 20. Kh1 Nxf3 21. gxf3 Qh4 22. Rg1 g5 23. c4 Rf6 24. Rc1 Bf8 25. Nb3 c6 26. Na3 Nc7 27. a5 Rg6 28. Be1 cxd5 29. cxd5 Ne8 30. Nc4 Bh3 31. Ne3 Bd7 32. Nf5 Qh3 33. Qd3 Ng7 34. Nxg7 Rxg7 35. Rc3 g4 36. fxg4 Qxd3 37. Rxd3 hxg4 38. Rc3 Bb5 39. f3 gxf3 40. Nd2 Be2 41. Nxf3 Be7 42. Rg2 Rxg2 43. Kxg2 Bd8 44. Bf2 Kf7 45. Nh4 Be7 46. h3 Bg5 47. Rc7+ Kf6 48. Nf3 Rg8 49. Nh2 f3+ 50. Kg1 Kg6 51. Ng4 Bd3 52. Rxb7 Rc8 53. Be3 Rc2 54. Bxg5 Rg2+ 55. Kh1 Bxe4 56. Be3 Rxg4 57. Bf2 Rg2 58. Ba7 f2 59. Bxf2 Rxf2+ 60. Kg1 Rg2+ 61. Kf1 Ra2 62. Rd7 Kg5 63. Rxd6 Kf4 64. Kg1 Rg2+ 65. Kf1 Ke3 66. Rc6 Rg8 0-1

[Event "26th Triest Festival 2024"]
[Site "Triest"]
[Date "2024.09.02"]
[Round "4.2"]
[White "Baklan, Vladimir"]
[Black "Barp, Alberto"]
[Result "1/2-1/2"]
[Annotator "TA"]
[ECO "C48"]
[WhiteElo "2535"]
[BlackElo "2431"]
[PlyCount "31"]
[EventDate "2024.09.02"]
[EventType "swiss"]
[EventCountry "ITA"]
[SourceTitle "playchess.com"]
[Source "ChessBase"]
[SourceQuality "1"]
[TimeControl "5400+30"]

1. e4 e5 2. Nf3 Nc6 3. Nc3 Nf6 4. Bb5 Bd6 5. d3 a6 6. Ba4 O-O 7. Bg5 h6 8. Bh4 {[%emt 0:03:37] The position is equal.} b5 9. Bb3 Be7 10. a4 b4 11. Bxf6 Bxf6 12. Nd5 Na5 13. Nxb4 Nxb3 14. cxb3 c6 {[%emt 0:01:03] Dodges Nd5} 15. Nc2 Rb8 {[%emt 0:05:34][%mdl 1024] Black has compensation.} 16. b4 {[%emt 0:25:19] Weighted Error Value: White=0.05 (flawless) /Black=0.01 (flawless) .  OK:         	White=5     	Black=7} 1/2-1/2

[Event "26th Triest Festival 2024"]
[Site "Triest"]
[Date "2024.09.02"]
[Round "4.3"]
[White "Fischer, Daniel"]
[Black "Tiviakov, Sergei"]
[Result "1/2-1/2"]
[Annotator "TA"]
[ECO "C10"]
[WhiteElo "2349"]
[BlackElo "2531"]
[PlyCount "24"]
[EventDate "2024.09.02"]
[EventType "swiss"]
[EventCountry "ITA"]
[SourceTitle "playchess.com"]
[Source "ChessBase"]
[SourceQuality "1"]
[TimeControl "5400+30"]

1. e4 e6 2. d4 d5 3. Nc3 Nf6 4. Bg5 dxe4 5. Nxe4 Nbd7 6. Nxf6+ Nxf6 7. Nf3 c5 8. dxc5 Qa5+ 9. c3 Qxc5 10. Bd3 Be7 11. O-O Bd7 12. Qe2 Bc6 {[%emt 0:12:23] Weighted Error Value: White=0.04 (flawless) /Black=0.00 (flawless) .  Inaccurate:     	---       	Black=1      OK:         	---       	Black=1} 1/2-1/2

[Event "26th Triest Festival 2024"]
[Site "Triest"]
[Date "2024.09.02"]
[Round "4.4"]
[White "Doric, Darko"]
[Black "Leszko, Bence"]
[Result "1-0"]
[Annotator "TA"]
[ECO "D30"]
[WhiteElo "2443"]
[BlackElo "2243"]
[PlyCount "169"]
[EventDate "2024.09.02"]
[EventType "swiss"]
[EventCountry "ITA"]
[SourceTitle "playchess.com"]
[Source "ChessBase"]
[SourceQuality "1"]
[TimeControl "5400+30"]

1. d4 d5 2. c4 e6 3. Nf3 a6 4. Bg5 Be7 5. Bxe7 Nxe7 6. e3 O-O 7. Nbd2 Nd7 8. Rc1 {[%emt 0:00:49] The position is equal.} dxc4 9. Bxc4 b5 (9... c5 $11 {keeps the balance.}) 10. Be2 Bb7 11. O-O Ng6 12. Qc2 Rc8 13. Nb3 e5 (13... Bd5 $14) 14. Nc5 Nxc5 15. Qxc5 e4 16. Nd2 f5 {[%emt 0:10:50] [#] Against Bg4} (16... Bd5 $14) 17. a4 $1 $16 {[%emt 0:02:38] White is more active.} c6 18. Bd1 Kh8 19. g3 Rf6 20. b4 Nf8 21. Bb3 Nd7 22. Qc3 Qe7 23. a5 h5 24. f4 Rg6 25. Rf2 Nf6 26. Qc5 Qd7 27. Rg2 Nd5 28. Nf1 Rh6 29. h3 Rg6 30. Bd1 Rh6 {[%emt 0:00:54] [#]} 31. Kh2 (31. g4 $1 $16) 31... Qd6 $11 32. Qxd6 Rxd6 33. Rb2 g6 34. Bc2 Rc7 35. Bb1 Bc8 36. Ba2 Nf6 37. Nd2 Be6 38. Bxe6 Rxe6 39. Nb3 Rd6 40. Nc5 Ra7 41. Kg2 Kg7 42. Kf2 Kf7 43. Rg1 Rd8 44. Ke2 Ke7 45. Rbb1 Rh8 46. Kd2 Kd6 47. Rg2 Rhh7 48. Rbg1 Kd5 49. Kc3 Ra8 50. Kb3 (50. g4 $5 hxg4 (50... fxg4 51. hxg4 h4 52. Rh2 $18) 51. hxg4 $14) 50... Raa7 51. Ka3 Ra8 52. Rc2 Kd6 53. Rgc1 Rc7 54. Nb3 Nd5 55. Re1 Rh7 56. Rg2 Nf6 57. Nd2 Rg8 58. Nb3 Ra8 59. Nc5 Raa7 60. Kb2 Ra8 61. Kb3 Raa7 62. Ree2 Ra8 63. Rg1 Raa7 64. Kc2 Ra8 65. Kd2 Kd5 66. Ree1 Kd6 67. Rg2 Kd5 68. Reg1 Raa7 69. Kc3 Kd6 {[%emt 0:03:43] [#]} 70. g4 $1 hxg4 (70... fxg4 71. hxg4 hxg4 72. Rxg4 Nxg4 73. Rxg4 $16) 71. hxg4 Nd5+ (71... fxg4 72. Rxg4 Nxg4 73. Rxg4 $16) 72. Kd2 Nxb4 73. gxf5 gxf5 74. Rg6+ Kd5 (74... Ke7 $1 $11) 75. Kc3 $36 {[%emt 0:00:07][%mdl 2048] Black is under strong pressure.} Nd3 {[%emt 0:00:23] [#] Hoping for ...b4+.} 76. Nxd3 (76. Nxe4 $1 $16 {Nf6+ would kill now.} Kxe4 77. Re6+ Kf3 (77... Kd5 78. Rgg6 Rad7 79. Kxd3 Rhe7 80. Rxc6) 78. Kxd3) 76... exd3 {[%emt 0:00:01][%mdl 4096] Endgame. KRR-KRR} 77. R1g5 (77. Kxd3 $5 c5 $8 78. Rf6 c4+ 79. Kc3 $16) 77... Rhf7 $2 (77... Ke4 $1 $11 78. Re6+ (78. Rxc6 $2 Rac7 $19) 78... Kf3) 78. Kxd3 $18 Rae7 79. Rg8 Kd6 80. Ra8 Rf6 81. Rxa6 Rfe6 82. Rg3 ({Worse is} 82. Rxf5 Rxe3+ 83. Kc2 Re2+ 84. Kb1 Re1+ 85. Kc2 R7e2+ 86. Kd3 Re3+ 87. Kd2 R3e2+ (87... R1e2+ 88. Kd1 $11) 88. Kc3 Re3+ 89. Kc2 Rh3 90. Rf6+ (90. Rxb5 {gets mated.} Re2+ 91. Kd1 Ra2) 90... Kd5 91. Raxc6 Rh2+ 92. Kb3 Rb1+ 93. Ka3 Ra1+ 94. Kb3 Rb1+ 95. Ka3 Rhb2 $11 (95... Ra1+ 96. Kb3 $11)) 82... Rb7 83. Ra8 {[%emt 0:01:09] And now a6 would win.} Ree7 $2 (83... Rbe7 84. a6 Kc7) 84. Rg6+ Kc7 85. a6 {[%emt 0:00:23] Weighted Error Value: White=0.08 (flawless) /Black=0.08 (flawless) .  Loses game:     	---       	Black=1      Mistake:       	White=2     	Black=5      Inaccurate:     	White=7     	Black=4      OK:         	White=17    	Black=30     Best:        	White=8     	Black=5      Brilliant:      	White=1     	---} 1-0

[Event "26th Triest Festival 2024"]
[Site "Triest"]
[Date "2024.09.02"]
[Round "4.5"]
[White "Kanyamarala, Tarun"]
[Black "Wong, Zhenyong Jayden"]
[Result "1/2-1/2"]
[Annotator "TA"]
[ECO "B14"]
[WhiteElo "2361"]
[BlackElo "2397"]
[PlyCount "176"]
[EventDate "2024.09.02"]
[EventType "swiss"]
[EventCountry "ITA"]
[SourceTitle "playchess.com"]
[Source "ChessBase"]
[SourceQuality "1"]
[TimeControl "5400+30"]

1. e4 c6 2. d4 d5 3. exd5 cxd5 4. c4 Nf6 5. Nc3 e6 6. Nf3 Bb4 7. cxd5 Nxd5 8. Qc2 Nc6 9. a3 Ba5 10. Bb5 {[%emt 0:00:00] B14: Caro-Kann: Panov-Botvinnik Attack with 5...e6 and 5...g6.} Qb6 11. Ba4 O-O 12. Qd3 $146 ({Predecessor:} 12. Be3 e5 13. O-O Nxe3 14. fxe3 exd4 15. Ng5 f5 16. Bb3+ Kh8 17. Qd1 g6 18. Nd5 {½-½ Mastrovasilis,A (2461)-Svetushkin,D (2491) Kavala op 11th 2002 (5)}) 12... e5 13. O-O Bxc3 14. bxc3 e4 15. Qxe4 Nxc3 16. Qc2 Nxd4 17. Nxd4 Qxd4 18. Bb2 Qxa4 19. Qxc3 Qg4 20. Rfe1 Be6 21. h3 Qg6 22. Re3 Rac8 23. Qd4 Rfd8 24. Qxa7 Qc2 25. Be5 Rd1+ 26. Rxd1 Qxd1+ 27. Kh2 Qd5 28. Qb6 Qc6 29. Qb4 f6 30. Bb2 Kf7 31. Qh4 Bf5 32. Qh5+ Bg6 33. Qd1 Bf5 34. Qb3+ Be6 35. Qd3 Qc2 36. Qb5 Qc7+ 37. Rg3 Kf8 38. Qb4+ Kf7 39. Qb5 Kf8 40. Qd3 Qc2 41. Qe3 Kf7 42. Bd4 Rd8 $2 (42... Rc4 $11) 43. Rxg7+ $1 $18 Kxg7 44. Qg5+ Kf7 $2 (44... Qg6 $16 45. Bxf6+ Kf7 46. Bxd8 (46. Qxg6+ hxg6 47. Bxd8 b5 $18) 46... Qxg5 47. Bxg5 h5) 45. Qxf6+ $18 Ke8 46. Qxe6+ Kf8 47. Qf6+ Ke8 {[%emt 0:00:00] [#]} 48. Qe6+ (48. Bb6 $1 $16 Rd7 49. Qe6+ Re7 50. Qg8+ Kd7 51. Qd5+ Ke8 52. Bc5) 48... Kf8 $18 49. Bg7+ Kxg7 50. Qe7+ Kg6 51. Qxd8 Qxf2 52. Qd6+ Kf7 53. Qc7+ Kf6 54. Qxb7 ({Weaker is} 54. Qxh7 Qf4+ 55. Kg1 (55. g3 Qf2+ 56. Kh1 Qxg3 $11) 55... Qd4+ 56. Kf1 Qc4+ 57. Kf2 Qd4+ 58. Ke2 Qe5+ 59. Kf3 Qc3+ 60. Ke2 Qb2+ 61. Ke3 Qc1+ 62. Kf2 Qd2+ 63. Kf3 Qc3+ 64. Kf2 Qc5+ 65. Ke2 Qe5+ 66. Kd3 Qd6+ 67. Ke2 Qe5+ $11) 54... Qf4+ 55. g3 Qc1 56. Qf3+ ({Inferior is} 56. Qxh7 Qd2+ 57. Kh1 Qe1+ 58. Kg2 Qe2+ 59. Kg1 Qe1+ 60. Kg2 Qe2+ 61. Kg1 Qe3+ 62. Kf1 Qf3+ 63. Ke1 Qxa3 $11) 56... Kg7 57. Qg4+ Kh8 58. Qf3 $2 (58. Qd4+ $18 Kg8 59. Qd5+ Kg7 60. Qa2) 58... Qb2+ 59. Kg1 Qc1+ 60. Kf2 Qb2+ $1 61. Kf1 Qc1+ 62. Kg2 Qb2+ 63. Qf2 Qxa3 64. Qf6+ Kg8 65. Qg5+ Kf7 66. Qd5+ Kg7 67. Qb7+ Kg8 68. Qc8+ Kg7 69. Qd7+ Kg8 70. Qg4+ Kh8 71. h4 Qa8+ 72. Qf3 Qa2+ 73. Kh3 Qe6+ 74. g4 Kg7 75. Qc3+ Kg8 76. Kg3 h5 77. gxh5 Kh7 78. Qc7+ Kh6 79. Qc1+ Kh7 80. Qc2+ Kh6 81. Qd2+ Kh7 82. Qd3+ Kh6 83. Qd4 Qg8+ 84. Kf4 Qf7+ 85. Ke3 Qe6+ 86. Qe4 Qxe4+ 87. Kxe4 Kxh5 88. Ke5 Kxh4 1/2-1/2

[Event "26th Triest Festival 2024"]
[Site "Triest"]
[Date "2024.09.02"]
[Round "4.6"]
[White "Simonetto, Andrea"]
[Black "Willems, Niels"]
[Result "1/2-1/2"]
[Annotator "TA"]
[ECO "D94"]
[WhiteElo "2323"]
[BlackElo "2384"]
[PlyCount "68"]
[EventDate "2024.09.02"]
[EventType "swiss"]
[EventCountry "ITA"]
[SourceTitle "playchess.com"]
[Source "ChessBase"]
[SourceQuality "1"]
[TimeControl "5400+30"]

1. Nf3 c5 2. e3 Nf6 3. d4 d5 4. c4 cxd4 5. exd4 g6 6. Nc3 Bg7 7. Be2 O-O 8. O-O Nc6 9. Bg5 dxc4 10. Bxc4 Bg4 11. d5 Ne5 12. Be2 Bxf3 13. Bxf3 Qb6 14. Rb1 Rfd8 15. Re1 Nxf3+ 16. Qxf3 Rd7 17. h3 a5 18. Re2 a4 19. Rbe1 Qd6 (19... a3 $11 20. bxa3 (20. Rxe7 $2 Rxe7 21. Rxe7 axb2 $19) 20... h6) 20. Ne4 (20. Bf4 $1 $14 {should be considered.} Qc5 21. d6 exd6 22. Nxa4) 20... Nxe4 $11 {[%emt 0:01:40] The position is equal.} 21. Qxe4 (21. Rxe4 {simplifies} Qxd5 22. Rxe7 Rxe7 23. Rxe7 Qxf3 24. gxf3 b5 25. Rb7) 21... Bf6 (21... Qxd5 {simplifies} 22. Qxd5 Rxd5 23. Bxe7 Re8) 22. Bxf6 Qxf6 23. Qb4 Kf8 24. a3 Ra6 25. Qg4 Qd6 26. Qh4 Kg7 27. Rxe7 Rxe7 28. Rxe7 Qxd5 {[%emt 0:00:12][%mdl 4096] Endgame. KQR-KQR} 29. Qb4 b5 30. Qc3+ Rf6 31. Re3 Qd1+ 32. Re1 Qd5 33. Re3 Qd1+ 34. Re1 Qd5 {[%emt 0:00:04] An interesting draw.   Weighted Error Value: White=0.05 (flawless) /Black=0.05 (flawless) .  Mistake:       	White=1     	Black=1      OK:         	White=7     	Black=11     Best:        	White=1     	Black=1} 1/2-1/2

[Event "26th Triest Festival 2024"]
[Site "Triest"]
[Date "2024.09.02"]
[Round "4.7"]
[White "Kovchan, Alexander"]
[Black "Brilej, Jaka"]
[Result "1-0"]
[Annotator "TA"]
[ECO "B92"]
[WhiteElo "2455"]
[BlackElo "2280"]
[PlyCount "83"]
[EventDate "2024.09.02"]
[EventType "swiss"]
[EventCountry "ITA"]
[SourceTitle "playchess.com"]
[Source "ChessBase"]
[SourceQuality "1"]
[TimeControl "5400+30"]

1. e4 c5 2. Nf3 d6 3. d4 cxd4 4. Nxd4 Nf6 5. Nc3 a6 6. Be2 e5 7. Nb3 Be7 8. O-O O-O 9. Re1 Be6 10. Bf3 Qc7 11. a4 Nbd7 {[%emt 0:06:26] The position is equal.} 12. a5 Rfc8 13. h3 h6 14. Re2 Bc4 15. Re3 Rab8 16. Be2 Be6 17. Rg3 Kf8 18. Be3 Qc6 19. Bf3 Nh7 20. Bg4 {[%emt 0:01:40] And now Bxe6 would win.} Nhf6 21. Qf3 (21. Bxe6 $14 fxe6 22. Qf3) 21... Nxg4 $11 22. hxg4 Bg5 23. Rd1 Ke7 ({Black should play} 23... Nf6 $11) 24. Rd2 ({White should try} 24. Bxg5+ $14 hxg5 25. Qe3) 24... Bxe3 25. Qxe3 b5 $2 {[%emt 0:01:03] White leaves nothing to chance now.} ({Better is} 25... Nc5 $11) 26. g5 $16 {[%emt 0:03:54] [#] Hoping for Nd5+.} h5 27. Nd5+ Bxd5 28. exd5 Qc4 (28... Qc7 $16) 29. Nd4 $18 {[%emt 0:00:17] aiming for g6.} g6 30. Nc6+ Rxc6 31. dxc6 Qxc6 32. f4 Rc8 33. fxe5 Nxe5 34. Qf4 Qc5+ 35. Kh1 Qc4 $2 {[%emt 0:03:56] [#]} (35... b4) 36. Qf6+ Ke8 37. Re3 ({Stronger than} 37. Rxd6 Qh4+ 38. Kg1 (38. Rh3 Qe1+) 38... Qxg3 $11) 37... Qc5 38. Rde2 Kd7 39. Rxe5 dxe5 40. Rxe5 (40. Qxf7+ $142 Kd8 41. Rd2+ (41. Qxg6 Qd4 $18) 41... Qd4 42. Rxd4+ exd4 43. Qxg6 Rc4 44. Qd6+ (44. Qxa6 d3 $18) (44. Qxh5 Rc5 $18) 44... Kc8 45. g6 (45. Qxa6+ Kd8 $18)) 40... Qf8 41. Rd5+ Ke8 42. Qxa6 {[%emt 0:00:15] Weighted Error Value: White=0.13 (very precise) /Black=0.54.  Mistake:       	White=2     	Black=4      Inaccurate:     	White=1     	Black=4      OK:         	White=8     	Black=7      Best:        	White=2     	Black=2} 1-0

[Event "26th Triest Festival 2024"]
[Site "Triest"]
[Date "2024.09.02"]
[Round "4.8"]
[White "Kanyamarala, Trisha"]
[Black "Lumachi, Gabriele"]
[Result "0-1"]
[Annotator "TA"]
[ECO "A80"]
[WhiteElo "2179"]
[BlackElo "2440"]
[PlyCount "142"]
[EventDate "2024.09.02"]
[EventType "swiss"]
[EventCountry "ITA"]
[SourceTitle "playchess.com"]
[Source "ChessBase"]
[SourceQuality "1"]
[TimeControl "5400+30"]

1. d4 f5 2. Bg5 g6 3. c4 Bg7 4. Nc3 Nc6 5. Nf3 h6 6. Bc1 {[%emt 0:03:02] A80: Dutch Defence: Unusual White second moves.} d6 $146 ({Predecessor:} 6... e5 7. d5 Nd4 8. Nd2 f4 9. e3 Nf5 10. Qg4 Qg5 11. Qxg5 hxg5 12. Nde4 d6 13. Nxg5 {1-0 Tkadlecek,P (1626)-Novotny,F Tabor op 2007 (3)}) 7. d5 Ne5 8. e4 fxe4 9. Nxe5 Bxe5 10. Nxe4 e6 11. Qg4 Kf7 12. Qf3+ Kg7 13. dxe6 Bxe6 14. Bd3 Qh4 15. Bd2 Rf8 16. Qe3 Nf6 17. g3 Qh5 18. Nxf6 Rxf6 19. f4 Bxb2 20. Rb1 Re8 21. Be2 $1 (21. Rxb2 $2 Bd7 $19) 21... Bd4 $1 22. Bxh5 (22. Qxd4 $11 Bg4 23. O-O Rxe2 24. Rf2 Rxf2 25. Qxf2) 22... Bxe3 $15 23. Bxe3 Bf5 $1 (23... Bxc4 24. Kd2 gxh5 25. Rxb7 $11) 24. Rxb7 $2 (24. Kf2 $15 Bxb1 (24... gxh5 25. Rxb7 Rf7 26. Rxa7 $14) 25. Rxb1 gxh5 26. Rxb7) 24... Rxe3+ $19 (24... gxh5 25. Rxc7+ Rf7 26. Rxf7+ Kxf7 27. Kd2 $15) 25. Kf2 Ra3 $1 26. Rxc7+ {[%emt 0:00:23] [#]} Rf7 $2 (26... Kf8 $1 $19 27. Rd1 Rxa2+ (27... gxh5 $2 28. Rd2 $19) 28. Kg1 (28. Be2 $2 Re6 $19) 28... gxh5) 27. Rxf7+ $11 Kxf7 28. Bf3 Rxa2+ 29. Ke3 Ra3+ 30. Kf2 h5 31. h3 Be6 32. Bd5 Bxd5 33. cxd5 a5 34. Rb1 Rd3 35. Rb5 a4 36. Ra5 a3 37. Ra6 Ke7 38. Ra7+ Kf6 39. Ra6 Ke7 40. Ra7+ Kf6 41. Ra6 Kf5 42. Ra4 Rb3 43. Kg2 Rb2+ 44. Kf3 Rb3+ 45. Kg2 Rc3 46. Kf2 Rc2+ 47. Kf3 Rc3+ 48. Kg2 (48. Kf2 $5 ) 48... Kf6 49. Ra6 Ke7 50. Ra7+ Kd8 51. g4 h4 52. f5 ({White should try} 52. Ra8+ $11 Ke7 53. Ra7+ Ke8 54. Ra8+ Ke7 55. Ra7+ Kf6 56. Rd7) 52... Rg3+ 53. Kh2 {[%emt 0:00:35] [#]} gxf5 (53... g5 $1 $17 {Strongly threatening ...Rd3.} 54. f6 Ke8) 54. gxf5 $11 Rd3 55. f6 Ke8 (55... Rxd5 $2 {is the wrong capture.} 56. Ra8+ Kd7 57. f7 $18) 56. Kg2 Rg3+ 57. Kh2 Rb3 58. Kg2 Kf8 59. Rd7 (59. Ra6 $11) 59... Rg3+ $1 $15 60. Kh2 $2 (60. Kf2 $15) 60... Rd3 $19 61. Kg2 Rxd5 62. Ra7 Rd3 63. Rb7 d5 64. Ra7 d4 65. Rd7 Rg3+ 66. Kf2 Rxh3 67. Rxd4 a2 ({Inferior is} 67... Kf7 68. Kg2 Rc3 69. Rxh4 $11) 68. Rd1 Ra3 69. Ra1 Kf7 70. Ke2 h3 71. Kd2 h2 0-1

[Event "26th Triest Festival 2024"]
[Site "Triest"]
[Date "2024.09.02"]
[Round "4.9"]
[White "Dobrovoljc, Vid"]
[Black "Chia, Yu Zhe Ashton"]
[Result "0-1"]
[Annotator "TA"]
[ECO "C72"]
[WhiteElo "2387"]
[BlackElo "2224"]
[PlyCount "112"]
[EventDate "2024.09.02"]
[EventType "swiss"]
[EventCountry "ITA"]
[SourceTitle "playchess.com"]
[Source "ChessBase"]
[SourceQuality "1"]
[TimeControl "5400+30"]

1. e4 e5 2. Nf3 Nc6 3. Bb5 a6 4. Ba4 d6 5. O-O Bg4 6. h3 h5 7. Bxc6+ bxc6 8. d4 (8. hxg4 hxg4 9. Re1 gxf3 10. Qxf3 Qh4 $19) 8... Bxf3 9. Qxf3 exd4 10. Re1 {[%emt 0:16:13] White is slightly better.} Qd7 11. Qd3 Be7 12. Qxd4 Bf6 13. Qc4 Ne7 14. Nc3 O-O 15. Qe2 h4 16. Bd2 Rfe8 17. Rad1 Ng6 18. Kh1 Be5 19. Rf1 Qe6 20. Rde1 {[%emt 0:00:24] f4 is the strong threat.} Bxc3 21. Bxc3 f5 (21... d5 $14) 22. f3 d5 23. Qd2 ({White should try} 23. Qf2 $16) 23... dxe4 24. fxe4 $40 {[%emt 0:00:08][%mdl 128] White is up to no good.} f4 (24... fxe4 $11 25. Re3 Qc4) 25. Qd4 Re7 26. Qc5 Rf8 27. Rf3 Rff7 28. b3 Nf8 29. Qg5 (29. Qa5 $16) 29... Qg6 $14 30. Qxg6 Nxg6 31. e5 Re6 ({Black should play} 31... Nf8 $1 $14) 32. Re4 $16 Rd7 33. Rf1 Rd5 34. Rc4 Kf7 35. Kg1 Ke8 36. Re1 Kd7 37. Kf2 c5 38. Re2 Rc6 {[%emt 0:04:06] [#]} 39. e6+ $1 Rxe6 40. Bxg7 (40. Rxe6 $142 Kxe6 41. Bxg7) 40... Red6 41. Bc3 Rg5 42. Rce4 (42. Kf1 $16) 42... Rg3 $11 43. Be1 f3 $1 44. gxf3 Rf6 $1 45. Rd2+ (45. R2e3 $5 Nf4 46. Kf1 Rxh3 47. Rxf4 Rh1+ (47... Rxf4 $2 {too greedy.} 48. Kg2 $18) 48. Kg2 Rxe1 49. Rxf6 Rxe3 50. Kh3 $16 (50. Rxa6 Rc3 $11)) 45... Kc8 46. Ke2 Rxh3 47. Kd1 {[%emt 0:01:04] [#]} (47. Bf2 $15) 47... Rh1 $1 $17 48. c3 (48. Kc1 $17) 48... h3 $19 ({Don't do} 48... Rxf3 49. Kc2 $19) 49. Ree2 $2 (49. Kc2) 49... Rxf3 {[%emt 0:00:20][%cal Og6f4] aiming for ...Nf4! Black is clearly winning.} 50. Re6 Nf4 51. Re8+ Kb7 52. Rdd8 Rd3+ 53. Rxd3 Nxd3 54. Kd2 Nxe1 55. Ke2 Ng2 {[%emt 0:01:37] ( -> ...Re1+)} 56. Kf3 Rc1 {[%emt 0:00:04] Weighted Error Value: White=0.46/Black=0.17 (very precise) .  Mistake:       	White=7     	Black=3      Inaccurate:     	White=2     	Black=3      OK:         	White=14    	Black=16     Best:        	White=1     	Black=2      Strong:       	---       	Black=3} 0-1

[Event "26th Triest Festival 2024"]
[Site "Triest"]
[Date "2024.09.02"]
[Round "4.10"]
[White "Bardone, Lorenzo"]
[Black "Schnaider, Ilan"]
[Result "0-1"]
[Annotator "TA"]
[ECO "D11"]
[WhiteElo "2234"]
[BlackElo "2409"]
[PlyCount "94"]
[EventDate "2024.09.02"]
[EventType "swiss"]
[EventCountry "ITA"]
[SourceTitle "playchess.com"]
[Source "ChessBase"]
[SourceQuality "1"]
[TimeControl "5400+30"]

1. d4 d5 2. c4 c6 3. Nf3 Nf6 4. g3 dxc4 5. Bg2 g6 6. O-O {[%emt 0:01:34][%mdl 1024] White has compensation.} Bg7 7. a4 Ne4 8. Qc2 {[%emt 0:01:59][%csl LRc4,LRe4] The position is equal.} Nd6 9. e4 Na6 10. Na3 Nb4 11. Qc3 a5 (11... Nxe4 $2 12. Qxb4 Qd6 13. Qxc4 $18) 12. e5 Nd5 13. Qe1 Nf5 14. g4 Nh6 15. h3 (15. Nxc4 Bxg4 16. Qe4 O-O $17) 15... O-O $1 16. Nxc4 f5 17. g5 Nf7 18. Bd2 b6 19. Qc1 Be6 20. h4 Qc7 21. Ne1 {[%emt 0:06:45] [#]} f4 $1 22. Nd3 {[%emt 0:03:58] [#]} ({Better is} 22. Qd1 $15) (22. Be4 Rad8) 22... f3 $1 $17 23. Bxf3 {[%emt 0:11:23] [#]} Nxg5 $1 24. Bxd5 cxd5 (24... Nh3+ $1 $17 25. Kh2 cxd5) 25. hxg5 dxc4 26. Nf4 {[%emt 0:01:00] [#]} Rxf4 27. Bxf4 $11 Rf8 28. Ra3 Qd7 29. Rd1 (29. Qe3 $11 {keeps the balance.}) 29... Bd5 $17 30. f3 {[%emt 0:11:40] Repels Qg4+} (30. Rg3 $17 {was the only chance.}) 30... Qh3 $19 31. Kf2 (31. Rf1 {was worth a try.}) 31... Qf5 $2 ({Black should play} 31... Qh4+ $1 $19 32. Bg3 Qg4) 32. Kg3 $11 e6 33. Rh1 Rf7 34. Rh4 ({White should try} 34. Qe3 $1 $11) 34... Bf8 $1 $36 {[%emt 0:00:00][%mdl 2048] Black has the initiative. The board is on fire.} 35. Re3 {[%emt 0:00:54] [#]} (35. Ra1 $1 $15) 35... Be7 $1 $19 36. Rc3 {[%emt 0:00:41] [#]} h5 {[%emt 0:00:00] Prevents Rg4.} (36... Bb4 $1 $19 37. b3 cxb3 (37... Bxc3 38. bxc4 Bxd4 39. cxd5 $19) 38. Rc8+ Bf8) 37. Qc2 (37. Qe3 $15) 37... Bxg5 $17 {[%emt 0:00:00] Black is more active. A strong pair of Bishops.} 38. Qxf5 Bxh4+ 39. Kxh4 Rxf5 {[%emt 0:00:00][%mdl 4096] Endgame. KRB-KRB} 40. Bg5 Rf8 ({Don't play} 40... Bxf3 $6 41. Rxc4 Bd5 42. Rc8+ Rf8 43. Rxf8+ Kxf8 44. Bd8 $11) ({Don't take} 40... Rxf3 41. Rxf3 Bxf3 42. Bd8 $17) (40... Kg7 $142 41. f4 Rf7 42. Bf6+ Kh6) 41. Bf6 Rb8 42. Kg5 Kf7 43. b3 $2 cxb3 $19 {[%emt 0:00:00] White must now prevent ...b2. Black is clearly winning.} 44. Rc7+ Ke8 45. Rh7 b2 46. Rh8+ Kd7 {[%emt 0:00:00] ( -> ...Rxh8)} 47. Rxb8 b1=Q {[%emt 0:00:00] Weighted Error Value: White=0.58/Black=0.39.  Loses game:     	White=1     	---        Missed win:     	---       	Black=1      Mistake:       	White=7     	Black=4      Inaccurate:     	White=5     	---        OK:         	White=10    	Black=17     Best:        	White=3     	Black=4      Strong:       	---       	Black=3      Brilliant:      	---       	Black=2} (47... b1=B $2 {is the wrong capture.} 48. Rxb6 Bf5 49. Ra6 $18) 0-1